 Dungeon Crawl Stone Soup version 0.24.0 (webtiles) character file.

Game seed: 4753572950269650147, levelgen mode: deterministic

10209 Mrkan the Grappler (level 11, -3/115 HPs)
             Began as a Troll Monk on Oct 25, 2019.
             Was a High Priest of Trog.
             Slain by a seven-headed hydra (7 damage)
             ... on level 9 of the Dungeon.
             The game lasted 00:19:41 (6907 turns).

Mrkan the Grappler (Troll Monk)                     Turns: 6907, Time: 00:19:42

Health: -3/115     AC:  9    Str: 22    XL:     11   Next: 33%
Magic:  10/10      EV: 10    Int:  6    God:    Trog [*****.]
Gold:   524        SH:  4    Dex: 14    Spells: 10/10 levels left

rFire    . . .     SeeInvis .   J - +0 giant spiked club
rCold    + . .     Gourm    +   (shield currently unavailable)
rNeg     . . .     Faith    .   r - +0 animal skin
rPois    .         Spirit   .   x - +2 hat
rElec    .         Reflect  +   f - +0 cloak
rCorr    .         Harm     .   (gloves unavailable)
MR       +....                  (boots unavailable)
Stlth    ++........             u - +4 amulet of reflection
HPRegen  0.69/turn              (no ring)
MPRegen  0.12/turn              (no ring)

@: no status effects
A: large, unfitting armour, antennae 1, claws 3, blink, cold resistance 1, fast
metabolism 3, gourmand, magic resistance 1, regeneration 1, shaggy fur 1, tough
skin 3, evolution 1
a: Blink, Berserk, Trog's Hand, Brothers in Arms, Renounce Religion


You were on level 9 of the Dungeon.
You worshipped Trog.
Trog was extremely pleased with you.
You were very full.

You visited 1 branch of the dungeon, and saw 9 of its levels.
You also visited: Sewer and Bailey.

You collected 524 gold pieces.

Inventory:

Hand Weapons
 D - a +0 giant club
 J - a +0 giant spiked club (weapon)
 M - a +1 dire flail of protection
Missiles
 e - 212 stones (quivered)
 m - 5 silver javelins
 y - 5 boomerangs
Armour
 f - a +0 cloak (worn)
 r - a +0 animal skin (worn)
 x - a +2 hat (worn)
Jewellery
 u - a +4 amulet of reflection (around neck)
Wands
 F - a wand of polymorph (15)
 L - a wand of acid (7)
Scrolls
 c - 5 scrolls of remove curse
 g - 2 scrolls of vulnerability
 h - 4 scrolls of identify
 i - a scroll of enchant armour {unknown}
 j - a scroll of random uselessness {unknown}
 o - 5 scrolls of teleportation
 p - a scroll of enchant weapon {unknown}
 q - 2 scrolls of immolation
 w - a scroll of fog {unknown}
 z - a scroll of noise {unknown}
 A - a scroll of amnesia {unknown}
 C - a scroll of blinking {unknown}
 G - 5 scrolls of silence
 I - a scroll of brand weapon {unknown}
 N - a scroll of fear {unknown}
Potions
 a - a potion of ambrosia {unknown}
 d - a potion of degeneration {unknown}
 k - 9 potions of curing
 l - a potion of magic {unknown}
 n - 4 potions of invisibility
 s - 2 potions of agility
 t - 2 potions of berserk rage {unknown}
 v - 2 potions of lignification {unknown}
 B - 6 potions of flight
 E - a potion of might {unknown}
Miscellaneous
 K - a box of beasts
Comestibles
 b - 16 rations
 H - 12 chunks of flesh


   Skills:
 + Level 9.4 Fighting
 - Level 9.3 Throwing
 - Level 2.4 Dodging
 - Level 1.0 Stealth
 + Level 10.5 Unarmed Combat


You had 10 spell levels left.
You didn't know any spells.
Your spell library was empty.

Dungeon Overview and Level Annotations

Branches:
Dungeon (9/15)             Temple (0/1) D:5            Lair (0/6) D:8
  Sewer (visited)          Bailey (visited)
    Orc: D:9-12

Altars:
Elyvilon
Gozag
Hepliaklqana
Trog
Wu Jian
Xom
Zin
The Shining One

Shops:
D:4 *


Innate Abilities, Weirdness & Mutations

You are too large for most types of armour.
You have claws for hands.
Your metabolism is lightning-fast.
You like to eat raw meat.
Your natural rate of healing is unusually fast.
You are covered in fur. (AC +1)
You have extremely tough skin. (AC +3)
You have a pair of small antennae on your head.
You can translocate small distances at will.
Your flesh is cold resistant. (rC+)
You are resistant to hostile enchantments. (MR+)
You evolve.


Message History

The seven-headed hydra is severely wounded.
The seven-headed hydra bites you but does no damage.
The seven-headed hydra bites you.
The seven-headed hydra bites you but does no damage.
The seven-headed hydra bites you!
You block the seven-headed hydra's attack.
The seven-headed hydra bites you! The seven-headed hydra bites you.
You hit the seven-headed hydra.
The seven-headed hydra is severely wounded.
The seven-headed hydra bites you. The seven-headed hydra bites you!
* * * LOW HITPOINT WARNING * * *
The seven-headed hydra bites you but does no damage.
The seven-headed hydra bites you.
* * * LOW HITPOINT WARNING * * *
The seven-headed hydra bites you!
* * * LOW HITPOINT WARNING * * *
The seven-headed hydra misses you. The seven-headed hydra bites you.
* * * LOW HITPOINT WARNING * * *
The seven-headed hydra bites you!
You die...

###+ .....
......##### ##+###
......'D@.###....#
......###..##....#
..... ##..'....# #
.... ####....# #
... #....# # #+
##'### # #.# # ###
#.# # ..# #.## #


You could see a seven-headed hydra.

Vanquished Creatures
  2 two-headed ogres (D:9)
  A deep elf knight (Bailey)
  9 deep elf magi (Bailey)
  A hornet (D:7)
  Sigmund (D:2)
  A wyvern (D:8)
  4 yaks (D:9)
  4 hogs (D:7)
  A human (D:7)
  An orc warrior (D:9)
  3 sky beasts
  2 ogres
  A phantom (D:7)
  2 centaurs
  A big kobold (D:9)
  A bullfrog (D:8)
  A scorpion (D:2)
  4 killer bees (D:8)
  5 wights (D:8)
  3 howler monkeys
  A centaur zombie (D:5)
  4 crimson imps
  2 bullfrog skeletons
  5 hounds
  A centaur skeleton (D:7)
  A jelly (D:7)
  5 orc priests
  Crazy Yiuf (D:2)
  Jessica (D:3)
  An iguana (D:5)
  9 orc wizards
  9 worker ants
  A hound skeleton (D:4)
  A howler monkey skeleton (D:4)
  6 adders
  A river rat (D:5)
  2 oozes
  An adder skeleton (D:5)
  4 worms
  A dart slug (D:2)
  7 leopard geckos
  26 orcs
  13 bats
  10 giant cockroaches
  10 goblins
  14 hobgoblins
  12 jackals
  5 quokkas
  2 ball pythons
  9 frilled lizards
  7 kobolds
  12 rats
232 creatures vanquished.

Vanquished Creatures (collateral kills)
  A hornet (D:7)
  An ogre (D:7)
  A crimson imp (D:7)
  An adder (D:7)
4 creatures vanquished.

Grand Total: 236 creatures vanquished

Notes
Turn   | Place    | Note
-------+----------+-------------------------------------------
     0 | D:1      | Mrkan the Troll Monk began the quest for the Orb.
     0 | D:1      | Reached XP level 1. HP: 22/22 MP: 0/0
   117 | D:1      | Reached XP level 2. HP: 29/29 MP: 1/1
   286 | D:1      | Reached skill level 4 in Unarmed Combat
   623 | D:2      | Reached XP level 3. HP: 36/36 MP: 2/2
   757 | D:2      | Noticed Sigmund
   764 | D:2      | Killed Sigmund
   764 | D:2      | Reached skill level 6 in Unarmed Combat
   764 | D:2      | Reached XP level 4. HP: 10/44 MP: 3/3
   764 | D:2      | Reached XP level 5. HP: 11/50 MP: 4/4
   909 | D:2      | Found a bloodstained altar of Trog.
   914 | D:2      | Became a worshipper of Trog the Wrathful
   914 | D:2      | Reached * piety under Trog
   914 | D:2      | Reached ** piety under Trog
  1052 | D:2      | Reached XP level 6. HP: 29/59 MP: 5/5
  1182 | D:2      | Found a runed translucent door.
  1183 | D:2      | Noticed Crazy Yiuf
  1194 | D:2      | Killed Crazy Yiuf
  1584 | D:3      | Reached skill level 7 in Unarmed Combat
  1586 | D:3      | Noticed Jessica
  1599 | D:3      | Killed Jessica
  2554 | D:4      | Reached *** piety under Trog
  2562 | D:4      | Reached skill level 8 in Unarmed Combat
  2633 | D:4      | Found a glowing silver altar of Zin.
  2633 | D:4      | Found a glowing golden altar of the Shining One.
  2633 | D:4      | Found a white marble altar of Elyvilon.
  2675 | D:4      | Reached XP level 7. HP: 66/66 MP: 6/6
  2845 | D:4      | Found Foifev's General Store.
  3057 | D:5      | Entered Level 5 of the Dungeon
  3104 | D:5      | Found a staircase to the Ecumenical Temple.
  3182 | D:5      | Reached skill level 9 in Unarmed Combat
  3321 | D:5      | Found a faded altar of an unknown god.
  3321 | D:5      | Found a shimmering altar of Xom.
  3331 | D:5      | Found an opulent altar of Gozag.
  3333 | D:5      | Found an ornate altar of the Wu Jian Council.
  3335 | D:5      | Found a hazy altar of Hepliaklqana.
  3458 | D:5      | Reached XP level 8. HP: 70/74 MP: 7/7
  3510 | D:5      | Reached skill level 10 in Unarmed Combat
  3612 | D:5      | Found a glowing drain.
  3620 | Sewer    | Entered a sewer
  3632 | Sewer    | Reached **** piety under Trog
  4165 | D:5      | Reached skill level 1 in Throwing
  5044 | D:7      | Noticed a hornet
  5058 | D:7      | Paralysed by a hornet for 3 turns
  5065 | D:7      | HP: 3/78 [hornet (7)]
  5068 | D:7      | Killed a hornet
  5251 | D:7      | Noticed a hornet
  5265 | D:7      | Killed a hornet
  5265 | D:7      | Reached XP level 9. HP: 87/87 MP: 8/8
  5317 | D:7      | Found a flagged portal.
  5326 | Bailey   | Entered a bailey
  5333 | Bailey   | Noticed a deep elf mage
  5339 | Bailey   | Killed a deep elf mage
  5339 | Bailey   | Reached skill level 5 in Fighting
  5339 | Bailey   | Reached skill level 5 in Throwing
  5351 | Bailey   | Noticed a deep elf mage
  5352 | Bailey   | Noticed a deep elf mage
  5352 | Bailey   | Noticed a deep elf mage
  5352 | Bailey   | Noticed a deep elf mage
  5352 | Bailey   | Noticed a deep elf mage
  5363 | Bailey   | Killed a deep elf mage
  5364 | Bailey   | Noticed a deep elf mage
  5366 | Bailey   | Killed a deep elf mage
  5373 | Bailey   | Killed a deep elf mage
  5377 | Bailey   | Killed a deep elf mage
  5377 | Bailey   | Reached XP level 10. HP: 65/102 MP: 9/9
  5395 | Bailey   | Killed a deep elf mage
  5407 | Bailey   | Killed a deep elf mage
  5490 | Bailey   | Noticed a deep elf knight
  5497 | Bailey   | Killed a deep elf knight
  5615 | Bailey   | Noticed a deep elf mage
  5615 | Bailey   | Noticed a deep elf mage
  5618 | Bailey   | Killed a deep elf mage
  5624 | Bailey   | Killed a deep elf mage
  5624 | Bailey   | Reached ***** piety under Trog
  5880 | D:7      | Gained mutation: Your body sometimes deteriorates upon
                  | taking damage. [potion of mutation]
  5880 | D:7      | Gained mutation: You are frail. (-10% HP) [potion of
                  | mutation]
  5880 | D:7      | Gained mutation: You are very frail. (-20% HP) [potion of
                  | mutation]
  5880 | D:7      | Gained mutation: You are somewhat resistant to further
                  | mutation. [potion of mutation]
  5881 | D:7      | Lost mutation: Your body sometimes deteriorates upon taking
                  | damage. [potion of mutation]
  5881 | D:7      | Lost mutation: You are very frail. (-20% HP) [potion of
                  | mutation]
  5881 | D:7      | Lost mutation: You are frail. (-10% HP) [potion of
                  | mutation]
  5881 | D:7      | Gained mutation: You are agile. (Dex +2) [potion of
                  | mutation]
  5882 | D:7      | Lost mutation: You are somewhat resistant to further
                  | mutation. [potion of mutation]
  5882 | D:7      | Lost mutation: You are agile. (Dex +2) [potion of mutation]
  5882 | D:7      | Gained mutation: You are clumsy. (Dex -2) [potion of
                  | mutation]
  5882 | D:7      | Gained mutation: You occasionally shout uncontrollably at
                  | your foes. [potion of mutation]
  5882 | D:7      | Gained mutation: You heal very quickly. [potion of
                  | mutation]
  5883 | D:7      | Lost mutation: You heal very quickly. [potion of mutation]
  5883 | D:7      | Lost mutation: You are clumsy. (Dex -2) [potion of
                  | mutation]
  5883 | D:7      | Gained mutation: You can translocate small distances at
                  | will. [potion of mutation]
  5883 | D:7      | Gained mutation: Your spells are a little harder to cast,
                  | but a little more powerful. [potion of mutation]
  5883 | D:7      | Gained mutation: You evolve. [potion of mutation]
  5884 | D:7      | Lost mutation: Your spells are a little harder to cast, but
                  | a little more powerful. [potion of mutation]
  5884 | D:7      | Lost mutation: You occasionally shout uncontrollably at
                  | your foes. [potion of mutation]
  5884 | D:7      | Gained mutation: You have a pair of small antennae on your
                  | head. [potion of mutation]
  5884 | D:7      | Gained mutation: Your flesh is cold resistant. (rC+)
                  | [potion of mutation]
  6057 | D:8      | Received a gift from Trog
  6204 | D:8      | Reached XP level 11. HP: 78/113 MP: 10/10
  6242 | D:8      | Gained mutation: You are resistant to hostile enchantments.
                  | (MR+) [evolution]
  6281 | D:8      | Found a staircase to the Lair.
  6538 | D:9      | Noticed a two-headed ogre
  6547 | D:9      | Killed a two-headed ogre
  6633 | D:9      | Noticed a two-headed ogre
  6642 | D:9      | Killed a two-headed ogre
  6899 | D:9      | Noticed a seven-headed hydra
  6907 | D:9      | HP: 4/115 [seven-headed hydra (3)]
  6907 | D:9      | Slain by a seven-headed hydra

Levels and vault maps discovered:
D:1:      lemuel_arrival_lava_pool, layout_basic
D:2:      layout_loops_ring, bloody_trog, minmay_pentomino_pile, uniq_sigmund,
          uniq_crazy_yiuf_cottage
D:3:      cheibrodos_greedy_goblins, layout_loops_corners, uniq_jessica
D:4:      layout_rooms, good_gods_mini_temple, serial_shops,
          kennysheep_little_box, chequers_serial_rivers_micro_c,
          kennysheep_generic_room_5
D:5:      minmay_chambers_of_fours, layout_basic,
          chequers_temple_overflow_minitemple, minmay_temple_entry_glass,
          first_ration, portal_sewer_entry_e
D:6:      layout_basic
D:7:      layout_rooms, enter_bailey_6, grunt_livestock, columned_hall_lemuel,
          minmay_circle_x
D:8:      layout_basic, lair_entry_dummy
D:9:      layout_roguey, ploomutoo_gammafunk_ghost_potion_laboratory,
          uniq_prince_ribbit1, uniq_harold
